APP
OREM OWLZ @ GREAT FALLS VOYAGERS
10/14/2047
 
TOP OF THE 1ST
Texas (APP) Rangers batting - Pitching for Elizabethton Twins : RHP Mo Hook
Pitching: RHP Mo Hook
Batting: SHB Barry Tuckfard 0-0: Foul Ball, location: 2F
0-1: Foul Ball, location: 2F
0-2: Ball
1-2: SINGLE (Groundball, 6D, EV 95.6 MPH)
Batting: RHB Brian Snyder 0-0: Ball
1-0: Foul Ball, location: 2F
1-1: Called Strike
1-2: Foul Ball, location: 2F
1-2: Ball
2-2: Strikes out swinging
Batting: LHB Caleb Johnson 0-0: Ball
1-0: Fielders Choice at 2nd, 1-6 (Groundball, P, EV 83.8 MPH)
Batting: RHB Rich Stinson 0-0: Ball
1-0: Fly out, F9 (Flyball, 9, EV 73.8 MPH)
Top of the 1st over - 0 runs, 1 hit, 0 errors, 1 left on base; Texas (APP) 0 - Elizabethton 0
BOTTOM OF THE 1ST
Elizabethton Twins batting - Pitching for Texas (APP) Rangers : LHP Danny de la Cerda
Pitching: LHP Danny de la Cerda
Batting: LHB Luis Tarango 0-0: Foul Ball, location: 2F
0-1: Foul Ball, location: 2F
0-2: Ball
1-2: SOLO HOME RUN (Flyball, 7D, EV 91.9 MPH), Distance : 364 ft
Batting: RHB Steve Amiano 0-0: Foul Ball, location: 2F
0-1: Foul Ball, location: 2F
0-2: Ball
1-2: Foul Ball, location: 2F
1-2: Ball
2-2: Foul Ball, location: 2F
2-2: Ball
3-2: DOUBLE (Groundball, 3L, EV 102.5 MPH)
Batting: RHB Danny Stein 0-0: Ball
1-0: Ball
2-0: Ball
3-0: Called Strike
3-1: Called Strike
3-2: Base on Balls
Batting: RHB Constantino Gaivo 0-0: Fly out, F8 (Line Drive, 8RM, EV 95.0 MPH)
Batting: RHB Justin Wright 0-0: Ball
1-0: Ball
2-0: Ball
3-0: Base on Balls
Steve Amiano to third
Danny Stein to second
Batting: RHB Jose Bengochea 0-0: Swinging Strike
0-1: Ball
1-1: Fly out, F8 (Flyball, 8RS, EV 88.1 MPH)
Batting: RHB Nate Diaz 0-0: Called Strike
0-1: Ground out 4-3 (Groundball, 4, EV 105.0 MPH)
Bottom of the 1st over - 1 run, 2 hits, 0 errors, 3 left on base; Texas (APP) 0 - Elizabethton 1
TOP OF THE 2ND
Texas (APP) Rangers batting - Pitching for Elizabethton Twins : RHP Mo Hook
Batting: SHB Alvaro Palacio 0-0: Foul Ball, location: 2F
0-1: Ground out U3 (Groundball, 3S, EV 90.6 MPH)
Batting: RHB Liangde Li 0-0: Called Strike
0-1: Ball
1-1: Reached on error, E5 (Groundball, 5, EV 101.3 MPH)
Batting: RHB Greg Cavanagh 0-0: Called Strike
Liangde Li steals 2nd base
0-1: Ball
Liangde Li steals 3rd base
1-1: Ball
2-1: Fly out, F8 (Flyball, 78D, EV 108.1 MPH)
Runner from 3rd tags up, SCORES, throw by CF
Batting: RHB Humberto Oros 0-0: Called Strike
0-1: Ball
1-1: Swinging Strike
1-2: Ground out 6-3 (Groundball, 6S, EV 76.9 MPH)
Top of the 2nd over - 1 run, 0 hits, 1 error, 0 left on base; Texas (APP) 1 - Elizabethton 1
BOTTOM OF THE 2ND
Elizabethton Twins batting - Pitching for Texas (APP) Rangers : LHP Danny de la Cerda
Batting: SHB Nick Miller 0-0: Swinging Strike
0-1: Fly out, F8 (Flyball, 8RS, EV 96.3 MPH)
Batting: RHB Jamie Williams 0-0: Called Strike
0-1: Ball
1-1: Ball
2-1: Foul Ball, location: 2F
2-2: Ball
3-2: Ground out 4-3 (Groundball, 4, EV 84.4 MPH)
Batting: LHB Luis Tarango 0-0: Ball
1-0: Ground out 3-1 (Groundball, 34, EV 87.5 MPH)
Bottom of the 2nd over - 0 runs, 0 hits, 0 errors, 0 left on base; Texas (APP) 1 - Elizabethton 1
TOP OF THE 3RD
Texas (APP) Rangers batting - Pitching for Elizabethton Twins : RHP Mo Hook
Batting: LHB David Ramirez 0-0: Ball
1-0: Ball
2-0: Ball
3-0: Base on Balls
Batting: SHB Barry Tuckfard 0-0: Ball
1-0: Ball
2-0: Called Strike
2-1: DOUBLE (Line Drive, 9LM, EV 104.4 MPH)
David Ramirez to third
Batting: RHB Brian Snyder 0-0: Called Strike
0-1: Ball
1-1: SINGLE (Line Drive, 4D, EV 95.6 MPH)
David Ramirez scores
Barry Tuckfard to third
Runner from 3rd tries for Home, throw by RF and OUT! 9-2
Batting: LHB Caleb Johnson 0-0: Ball
1-0: Ball
2-0: Ball
3-0: Called Strike
3-1: Grounds into double play, 4-6-3 (Groundball, 4, EV 101.9 MPH)
Top of the 3rd over - 1 run, 2 hits, 0 errors, 0 left on base; Texas (APP) 2 - Elizabethton 1
BOTTOM OF THE 3RD
Elizabethton Twins batting - Pitching for Texas (APP) Rangers : LHP Danny de la Cerda
Batting: RHB Steve Amiano 0-0: Foul Ball, location: 2F
0-1: Called Strike
0-2: Ball
1-2: Foul Ball, location: 2F
1-2: Ball
2-2: Ball
3-2: Ground out 6-3 (Groundball, 56, EV 105.0 MPH)
Batting: RHB Danny Stein 0-0: Swinging Strike
0-1: Swinging Strike
0-2: Ball
1-2: Strikes out swinging
Batting: RHB Constantino Gaivo 0-0: Called Strike
0-1: Ball
1-1: Called Strike
1-2: Strikes out swinging, 2-3 out at first.
Bottom of the 3rd over - 0 runs, 0 hits, 0 errors, 0 left on base; Texas (APP) 2 - Elizabethton 1
TOP OF THE 4TH
Texas (APP) Rangers batting - Pitching for Elizabethton Twins : RHP Mo Hook
Batting: RHB Rich Stinson 0-0: Swinging Strike
0-1: Foul Ball, location: 2F
0-2: Strikes out looking
Batting: SHB Alvaro Palacio 0-0: Ball
1-0: Swinging Strike
1-1: Ball
2-1: SINGLE (Groundball, 6MD, EV 98.8 MPH)
Batting: RHB Liangde Li 0-0: Ball
1-0: SINGLE (Groundball, 23, EV 85.6 MPH) (infield hit)
Alvaro Palacio to second
Batting: RHB Greg Cavanagh 0-0: Foul Ball, location: 2F
0-1: Ball
1-1: Fly out, F8 (Flyball, 8LXD, EV 88.1 MPH)
Runner from 2nd tags up, SAFE at 3rd, no throw by CF
Batting: RHB Humberto Oros 0-0: Ball
1-0: Ball
2-0: Fly out, F3 (Line Drive, 3, EV 68.1 MPH)
Top of the 4th over - 0 runs, 2 hits, 0 errors, 2 left on base; Texas (APP) 2 - Elizabethton 1
BOTTOM OF THE 4TH
Elizabethton Twins batting - Pitching for Texas (APP) Rangers : LHP Danny de la Cerda
Batting: RHB Justin Wright 0-0: Ground out 5-3 (Groundball, 56S, EV 79.4 MPH)
Batting: RHB Jose Bengochea 0-0: Ground out 6-3 (Groundball, 6, EV 88.1 MPH)
Batting: RHB Nate Diaz 0-0: Ground out 5-3 (Groundball, 56S, EV 75.6 MPH)
Bottom of the 4th over - 0 runs, 0 hits, 0 errors, 0 left on base; Texas (APP) 2 - Elizabethton 1
TOP OF THE 5TH
Texas (APP) Rangers batting - Pitching for Elizabethton Twins : RHP Mo Hook
Batting: LHB David Ramirez 0-0: Foul Ball, location: 2F
0-1: Foul Ball, location: 2F
0-2: Foul Ball, location: 2F
0-2: Foul Ball, location: 2F
0-2: Foul Ball, location: 2F
0-2: DOUBLE (Line Drive, 7LS, EV 105.6 MPH)
Batting: SHB Barry Tuckfard 0-0: Ball
1-0: Ground out 6-3 (Groundball, 6, EV 86.9 MPH)
Batting: RHB Brian Snyder 0-0: Foul Ball, location: 2F
0-1: Ball
1-1: Ball
2-1: SINGLE (Groundball, 6D, EV 97.5 MPH)
David Ramirez to third
Runner from 3rd tries for Home, SAFE, throw by CF to home
Batting: LHB Caleb Johnson 0-0: Ball
1-0: Fly out, F7 (Flyball, 7LM, EV 103.8 MPH)
Batting: RHB Rich Stinson 0-0: Ball
1-0: Ball
2-0: Called Strike
2-1: Ball
Wild Pitch!
Brian Snyder to second
3-1: Base on Balls
Batting: SHB Alvaro Palacio 0-0: Ball
1-0: Ball
2-0: Ball
3-0: Base on Balls
Brian Snyder to third
Rich Stinson to second
Batting: RHB Liangde Li 0-0: Ball
1-0: Called Strike
1-1: Swinging Strike
1-2: Strikes out swinging
Top of the 5th over - 1 run, 2 hits, 0 errors, 3 left on base; Texas (APP) 3 - Elizabethton 1
BOTTOM OF THE 5TH
Elizabethton Twins batting - Pitching for Texas (APP) Rangers : LHP Danny de la Cerda
Batting: SHB Nick Miller 0-0: Ground out U3 (Groundball, 34, EV 99.4 MPH)
Batting: RHB Jamie Williams 0-0: Ground out 5-3 (Groundball, 56, EV 80.6 MPH)
Batting: LHB Luis Tarango 0-0: Called Strike
0-1: Ball
1-1: Ball
2-1: Foul Ball, location: 2F
2-2: Foul Ball, location: 2F
2-2: Ball
3-2: Strikes out swinging
Bottom of the 5th over - 0 runs, 0 hits, 0 errors, 0 left on base; Texas (APP) 3 - Elizabethton 1
TOP OF THE 6TH
Texas (APP) Rangers batting - Pitching for Elizabethton Twins : RHP Mo Hook
Batting: RHB Greg Cavanagh 0-0: Ball
1-0: Called Strike
1-1: Ball
2-1: Ball
3-1: Swinging Strike
3-2: Foul Ball, location: 2F
3-2: Foul Ball, location: 2F
3-2: Foul Ball, location: 2F
3-2: Ground out 1-3 (Groundball, P, EV 74.4 MPH)
Batting: RHB Humberto Oros 0-0: Ball
1-0: Fly out, F9 (Line Drive, 9D, EV 108.1 MPH)
Batting: LHB David Ramirez 0-0: Bunted foul
0-1: Called Strike
0-2: Ball
1-2: Ball
2-2: SOLO HOME RUN (Flyball, 7D, EV 103.8 MPH), Distance : 381 ft
Batting: SHB Barry Tuckfard 0-0: Ball
1-0: Ball
2-0: Swinging Strike
2-1: Ball
3-1: Foul Ball, location: 2F
3-2: Base on Balls
Pitching: LHP Lorenzo Chavez
Batting: RHB Brian Snyder 0-0: Ball
1-0: Ball
2-0: Ball
3-0: Called Strike
3-1: Base on Balls
Barry Tuckfard to second
Batting: LHB Caleb Johnson 0-0: Called Strike
0-1: Ball
1-1: Swinging Strike
1-2: Foul Ball, location: 2F
1-2: Strikes out swinging
Top of the 6th over - 1 run, 1 hit, 0 errors, 2 left on base; Texas (APP) 4 - Elizabethton 1
BOTTOM OF THE 6TH
Elizabethton Twins batting - Pitching for Texas (APP) Rangers : LHP Danny de la Cerda
Batting: RHB Steve Amiano 0-0: Called Strike
0-1: Ball
1-1: Ball
2-1: Ball
3-1: Swinging Strike
3-2: Base on Balls
Batting: RHB Danny Stein 0-0: Called Strike
0-1: SINGLE (Line Drive, 9S, EV 94.4 MPH)
Steve Amiano to second
Runner from 2nd tries for 3rd, SAFE, throw by RF made to third
Batting: RHB Constantino Gaivo 0-0: Ball
Wild Pitch!
Steve Amiano scores
Danny Stein to second
1-0: Called Strike
1-1: Foul Ball, location: 2F
1-2: SINGLE (Line Drive, 3D, EV 105.0 MPH)
Danny Stein to third
Batting: RHB Justin Wright 0-0: Ball
1-0: Ball
2-0: Grounds into double play, 6-4-3 (Groundball, 6, EV 98.8 MPH)
Danny Stein scores
Batting: RHB Jose Bengochea 0-0: Ball
1-0: Foul Ball, location: 2F
1-1: Ball
2-1: Called Strike
2-2: Ball
3-2: Base on Balls
Batting: RHB Nate Diaz 0-0: Ball
1-0: Swinging Strike
1-1: Ball
2-1: Ball
3-1: Fly out, F7 (Flyball, 7D, EV 83.8 MPH)
Bottom of the 6th over - 2 runs, 2 hits, 0 errors, 1 left on base; Texas (APP) 4 - Elizabethton 3
TOP OF THE 7TH
Texas (APP) Rangers batting - Pitching for Elizabethton Twins : LHP Lorenzo Chavez
Pitching: RHP Arjan Geertsma
Batting: RHB Rich Stinson 0-0: Called Strike
0-1: Called Strike
0-2: Ball
1-2: Strikes out looking
Batting: SHB Alvaro Palacio 0-0: Called Strike
0-1: Ball
1-1: Ball
2-1: Ground out 5-3 (Groundball, 5L, EV 79.4 MPH)
Batting: RHB Liangde Li 0-0: Ball
1-0: Foul Ball, location: 2F
1-1: Ball
2-1: Ground out 4-3 (Groundball, 4, EV 88.1 MPH)
Top of the 7th over - 0 runs, 0 hits, 0 errors, 0 left on base; Texas (APP) 4 - Elizabethton 3
BOTTOM OF THE 7TH
Elizabethton Twins batting - Pitching for Texas (APP) Rangers : LHP Danny de la Cerda
Pitching: RHP Boris Koljevic
Batting: SHB Nick Miller 0-0: Ball
1-0: Ball
2-0: Ball
3-0: Base on Balls
Pinch Hitting: RHB Bill McKiernan 0-0: Bunt missed!
0-1: Bunted foul
0-2: Ball
1-2: Foul Ball, location: 2F
1-2: Ball
2-2: Fielders Choice at 2nd, 6-4 (Groundball, 6M, EV 85.0 MPH)
Batting: LHB Luis Tarango 0-0: Called Strike
Bill McKiernan steals 2nd base (no throw)
0-1: Ground out 4-3 (Groundball, 34, EV 108.1 MPH)
Bill McKiernan to third
Batting: RHB Steve Amiano 0-0: Ball
1-0: Ball
2-0: Ball
3-0: Base on Balls
Batting: RHB Danny Stein 0-0: Foul Ball, location: 2F
0-1: Ball
1-1: Swinging Strike
1-2: Foul Ball, location: 2F
1-2: Ball
2-2: Foul Ball, location: 2F
2-2: Fly out, F4 (Line Drive, 4, EV 66.9 MPH)
Bottom of the 7th over - 0 runs, 0 hits, 0 errors, 2 left on base; Texas (APP) 4 - Elizabethton 3
TOP OF THE 8TH
Texas (APP) Rangers batting - Pitching for Elizabethton Twins : RHP Arjan Geertsma
Now at 3B: Bill Rice
Batting: RHB Greg Cavanagh 0-0: Ball
1-0: Foul Ball, location: 2F
1-1: Ball
2-1: Ball
3-1: Base on Balls
Batting: RHB Humberto Oros 0-0: Sac Bunt to 15 - play at first, batter OUT! 1-4
Greg Cavanagh to second
Batting: LHB David Ramirez 0-0: Ball
1-0: Called Strike
1-1: Ball
2-1: Swinging Strike
2-2: Strikes out swinging
Batting: SHB Barry Tuckfard 0-0: Ball
1-0: Ball
2-0: Called Strike
2-1: Fly out, F9 (Flyball, 89D, EV 108.8 MPH)
Top of the 8th over - 0 runs, 0 hits, 0 errors, 1 left on base; Texas (APP) 4 - Elizabethton 3
BOTTOM OF THE 8TH
Elizabethton Twins batting - Pitching for Texas (APP) Rangers : RHP Boris Koljevic
Pitching: RHP John Scammell
Batting: RHB Constantino Gaivo 0-0: Called Strike
0-1: Foul Ball, location: 2F
0-2: Foul Ball, location: 2F
0-2: Ball
1-2: Ball
2-2: Reached on error, E8 (Flyball, 8RXD, EV 102.5 MPH)
Batting: RHB Justin Wright 0-0: Ball
1-0: 2-RUN HOME RUN (Flyball, 7D, EV 95.0 MPH), Distance : 377 ft
Batting: RHB Jose Bengochea 0-0: Swinging Strike
0-1: Called Strike
0-2: Strikes out looking
Batting: RHB Nate Diaz 0-0: Called Strike
0-1: Called Strike
0-2: Strikes out swinging
Batting: SHB Nick Miller 0-0: Ball
1-0: Ground out 5-3 (Groundball, 5, EV 105.0 MPH)
Bottom of the 8th over - 2 runs, 1 hit, 1 error, 0 left on base; Texas (APP) 4 - Elizabethton 5
TOP OF THE 9TH
Texas (APP) Rangers batting - Pitching for Elizabethton Twins : RHP Arjan Geertsma
Pitching: RHP Martin Coleman
Batting: RHB Brian Snyder 0-0: Ball
1-0: Ball
2-0: Called Strike
2-1: Called Strike
2-2: Strikes out looking
Batting: LHB Caleb Johnson 0-0: Foul Ball, location: 2F
0-1: Ball
1-1: Ball
2-1: Foul Ball, location: 2F
2-2: Foul Ball, location: 2F
2-2: Ground out 6-3 (Groundball, 6, EV 86.3 MPH)
Batting: RHB Rich Stinson 0-0: Foul Ball, location: 2F
0-1: Ball
1-1: Swinging Strike
1-2: Foul Ball, location: 2F
1-2: Strikes out swinging
Top of the 9th over - 0 runs, 0 hits, 0 errors, 0 left on base; Texas (APP) 4 - Elizabethton 5
Thursday, December 15th , 2022 - OOTP Baseball 23.9 Build 102